 Dungeon Crawl Stone Soup version 0.28-a0-998-gb9e9c7b67e (webtiles) character file.

Game seed: 13735918615778306785

761 demibob the Cutter (level 7, -1/54 HPs)
             Began as a Demonspawn Wanderer on Dec 6, 2021.
             Was a Believer of Ru.
             Slain by a scorpion (5 damage)
             ... on level 5 of the Dungeon.
             The game lasted 00:06:24 (4630 turns).

demibob the Cutter (Demonspawn Wanderer)            Turns: 4630, Time: 00:06:25

Health: -1/54      AC: 12    Str: 14    XL:     7   Next: 51%
Magic:  7/7        EV: 11    Int: 12    God:    Ru [**....]
Gold:   243        SH:  0    Dex: 14    Spells: 3/6 levels left

rFire   x . .      SeeInvis .   a - +2 short sword (protect)
rCold   x . .      Faith    .   (no shield)
rNeg    . . .      Spirit   .   d - +0 robe
rPois   .          Reflect  .   (helmet restricted)
rElec   .          Harm     .   (no cloak)
rCorr   .          Rampage  .   (no gloves)
Will    .....                   g - +0 pair of boots
Stlth   ++........              (no amulet)
HPRegen 0.18/turn               (no ring)
MPRegen 0.10/turn               (no ring)

@: lethally poisoned (-1 -> -17), under a protective aura
A: antennae 1, molten scales 1, temperature sensitive, demonic magic 2
a: Renounce Religion


You were on level 5 of the Dungeon.
You worshipped Ru.
Ru was pleased with you.
You visited 1 branch of the dungeon, and saw 5 of its levels.

You collected 243 gold pieces.


Innate Abilities, Weirdness & Mutations

You have a pair of small antennae on your head.
You are partially covered in molten scales. (AC +2)
You are sensitive to extremes of temperature. (rF-, rC-)
Spells you cast may paralyse nearby enemies.


   Skills:
 - Level 4.0 Fighting
 + Level 7.4 Short Blades
 - Level 1.7 Stealth
 - Level 1.0 Shields
 + Level 2.4 Ice Magic
 - Level 1.0 Evocations


You had 3 spell levels left.
You knew the following spells:

 Your Spells              Type           Power      Damage    Failure   Level
o - Ozocubu's Armour      Ice            5%         N/A       36%         3

Your spell library contained the following spells:

 Spells                   Type           Power      Damage    Failure   Level
 Blink                    Tloc           0%         N/A       45%         2
 Sublimation of Blood     Necr           0%         N/A       45%         2
 Wereblood                Tmut           0%         N/A       45%         2
 Lesser Beckoning         Tloc           0%         N/A       69%         3
 Manifold Assault         Tloc           0%         N/A       100%        5
 Ozocubu's Refrigeration  Ice            2%         4d5       100%        7
 Summon Hydra             Summ           0%         N/A       100%        7

Inventory:

Hand Weapons
 a - a +2 short sword of protection (weapon)
Armour
 d - a +0 robe (worn)
 g - a +0 pair of boots (worn)
 j - a +2 robe of resistance
Wands
 b - a wand of flame (27)
Scrolls
 c - 2 scrolls of teleportation {@r2}
 e - 2 scrolls of enchant weapon
 k - a scroll of identify {@r1}
 n - a scroll of blinking
Potions
 f - a potion of curing {@q1}
 h - 3 potions of lignification
 i - 2 potions of resistance
 l - a potion of heal wounds {@q2}
 m - a potion of flight

Dungeon Overview and Level Annotations

Branches:
Dungeon (5/15)
 Temple: D:4-7

Altars:
Dithmenos
Ru

Annotations:
D:3 1 runed translucent door, oldriver's ghost, amateur DrCj

.... #...# .......####
#...# .. #.....###...#
##
###.#####..##...##...##
.........#.##..........
.........#.....###...#
........<#...........#.
...........###..#......
.........###.†.@s.....#
...##..### #.##........
## #.. .......#.....
... ..##........###
...... ..........#
...... ............ .
.............
.............


You could see a scorpion.


Message History

The scorpion is heavily wounded.
You feel sick.
The scorpion stings you but does no damage.
You barely miss the scorpion.
The scorpion is heavily wounded.
The scorpion stings you.
* * * LOW HITPOINT WARNING * * *
You are more poisoned.
The scorpion poisons you!
You hit the scorpion but do no damage.
The scorpion is heavily wounded.
You feel very sick. The scorpion barely misses you.
You barely miss the scorpion.
The scorpion is heavily wounded.
You feel sick.
The scorpion is stunned by your conviction and fails to attack.
Unknown command.
You hit the scorpion but do no damage.
The scorpion is heavily wounded.
You feel sick. The scorpion stings you!
* * * LOW HITPOINT WARNING * * *
You are more poisoned.
The scorpion poisons you!
You hit the scorpion but do no damage.
The scorpion is heavily wounded.
* * * LOW HITPOINT WARNING * * *
You feel very sick. The scorpion stings you.
You die...

Skill      XL: |  1  2  3  4  5  6  7 |
---------------+----------------------+-----
Short Blades   | 2 3 4 5 7 |  7.4
Ice Magic      | 1 2 |  2.4
Fighting       | |  4.0
Stealth        | |  1.7
Shields        | |  1.0
Evocations     | |  1.0

Action                   |  1- 3 |  4- 6 |  7- 9 || total
-------------------------+-------+-------+-------++-------
Melee: Short sword       |    68 |   143 |    94 ||   305
Invok: Sacrifice Resista |       |     1 |       ||     1
Evoke: Wand              |       |     5 |       ||     5
  Use: Scroll            |     2 |     3 |     4 ||     9
       Potion            |     1 |     3 |       ||     4
 Stab: Sleeping          |     3 |     9 |       ||    12
Armor: Robe              |    18 |    32 |    39 ||    89
Dodge: Dodged            |    27 |    63 |    40 ||   130

Levels and vault maps discovered:
D:1:      dpeg_arrival_court, layout_loops_ring, minmay_split_cup_small
D:2:      layout_basic
D:3:      layout_basic, nicolae_overflow_ecumenical_swirl, gammafunk_ghost_grave
D:4:      layout_cave_pods, uniq_sigmund, uniq_edmund
D:5:      layout_rooms

Notes
Turn   | Place    | Note
-------+----------+-------------------------------------------
     0 | D:1      | demibob the Demonspawn Wanderer began the quest for the
                  | Orb.
     0 | D:1      | demibob set off with the following items: a +2 short sword,
                  | a +0 quarterstaff, a scroll of teleportation {@r2}, a +0
                  | robe, a +0 dagger
     0 | D:1      | Reached XP level 1. HP: 19/19 MP: 1/1
    99 | D:1      | Reached skill level 2 in Short Blades
   235 | D:1      | Gained mutation: You have a pair of small antennae on your
                  | head. [demonic ancestry]
   235 | D:1      | Reached XP level 2. HP: 10/25 MP: 2/2
   848 | D:1      | Reached skill level 3 in Short Blades
  1203 | D:2      | Gained mutation: You are partially covered in molten
                  | scales. (AC +2) [demonic ancestry]
  1203 | D:2      | Reached XP level 3. HP: 26/30 MP: 3/3
  1287 | D:2      | Reached skill level 4 in Short Blades
  1287 | D:2      | Gained mutation: Spells you cast may paralyse adjacent
                  | enemies. [demonic ancestry]
  1287 | D:2      | Reached XP level 4. HP: 30/37 MP: 4/4
  1522 | D:2      | You fall into a shaft and drop 2 floors!
  1694 | D:2      | Gained mutation: Spells you cast may paralyse nearby
                  | enemies. [demonic ancestry]
  1694 | D:2      | Reached XP level 5. HP: 42/42 MP: 5/5
  2120 | D:2      | Reached skill level 5 in Short Blades
  2554 | D:3      | Found a runed translucent door.
  2554 | D:3      | Noticed oldriver's ghost (amateur DrCj)
  2640 | D:3      | Found a faded altar of an unknown god.
  2643 | D:3      | Found a shadowy altar of Dithmenos.
  2659 | D:3      | Prayed at the altar of an unknown god.
  2659 | D:3      | Became a worshipper of Ru the Awakened
  2666 | D:3      | Gained mutation: You are sensitive to extremes of
                  | temperature. (rF-, rC-) [Ru sacrifice]
  2666 | D:3      | Reached * piety under Ru
  2666 | D:3      | Reached ** piety under Ru
  3181 | D:4      | Noticed Edmund
  3182 | D:4      | Identified 3 potions of resistance
  3193 | D:4      | Killed Edmund
  3194 | D:4      | Reached XP level 6. HP: 48/48 MP: 6/6
  3196 | D:4      | Reached skill level 6 in Short Blades
  3339 | D:4      | Identified a +2 robe of resistance
  3339 | D:4      | Noticed Sigmund
  3351 | D:4      | Killed Sigmund
  3568 | D:4      | Learned a level 3 spell: Ozocubu's Armour
  3658 | D:4      | Reached skill level 7 in Short Blades
  3658 | D:4      | Reached skill level 1 in Ice Magic
  3658 | D:4      | Reached XP level 7. HP: 20/51 MP: 7/7
  4363 | D:5      | Entered Level 5 of the Dungeon
  4580 | D:5      | Reached skill level 2 in Ice Magic
  4630 | D:5      | HP: 4/54 [poisoned by a scorpion]
  4630 | D:5      | Slain by a scorpion

Vanquished Creatures
  Sigmund (D:4)
  Edmund (D:4)
  A necrophage (D:4)
  4 hounds
  A centaur skeleton (D:5)
  2 iguanas (D:5)
  A howler monkey zombie (D:4)
  8 adders
  4 gnolls (D:2)
  An adder skeleton (D:4)
  A worm (D:2)
  2 dart slugs
  An orc (D:4)
  11 endoplasms
  3 giant cockroaches
  8 hobgoblins
  3 jackals (D:1)
  7 kobolds
  4 quokkas
  5 ball pythons
  4 bats
  4 frilled lizards
  7 goblins
  7 rats
91 creatures vanquished.

Table legend: (Time is in decaauts)
 A = Elapsed time spent in this place.
 B = Non-inter-level travel time spent in this place.
 C = Inter-level travel time spent in this place.
 D = Time resting spent in this place.
 E = Time spent auto-exploring this place.
 F = Levels seen in this place.
 G = Mean time per level.
                   A        B        C        D        E       F      G
               +--------+--------+--------+--------+--------+-----+--------+
         Total |   4601 |   4500 |    101 |    479 |   3343 |   5 |  920.2 |
       Dungeon |   4601 |   4500 |    101 |    479 |   3343 |   5 |  920.2 |
               +--------+--------+--------+--------+--------+-----+--------+

Top non-repeatable levels by time:
     D:4: 1370 daAuts
     D:1: 1183 daAuts
     D:2: 923 daAuts
     D:3: 875 daAuts
     D:5: 248 daAuts

Table legend:
 A = Non-vault XP
 B = Vault XP
 C = Vault XP percentage of total XP
 D = Non-vault monster count
 E = Vault monster count
 F = Vault count percentage of total count
                 A         B        C        D         E       F
            +---------+---------+-------+---------+---------+-------
      Total |     703 |     385 |  35.4 |      86 |       5 |   5.5
            +---------+---------+-------+---------+---------+-------
        D:1 |      30 |       5 |  14.3 |      17 |       3 |  15.0
        D:2 |     136 |       0 |   0.0 |      30 |       0 |   0.0
        D:3 |      44 |       0 |   0.0 |      13 |       0 |   0.0
        D:4 |     282 |     380 |  57.4 |      20 |       2 |   9.1
        D:5 |     211 |       0 |   0.0 |       6 |       0 |   0.0
            +---------+---------+-------+---------+---------+-------
